 Dungeon Crawl Stone Soup version 0.27-a0-29-g2d0a2396b0 (webtiles) character file.

Game seed: 8507674501526939640

282 wakim the Sneak (level 6, 0/28 HPs)
             Began as a Spriggan Enchanter on Jan 3, 2021.
             Was an Initiate of Yredelemnul.
             Slain by an ufetubus (3 damage)
             ... on level 4 of the Dungeon.
             The game lasted 00:20:39 (6135 turns).

wakim the Sneak (Spriggan Enchanter)                Turns: 6135, Time: 00:20:39

Health: 0/28       AC:  3    Str:  1 (4)  XL:     6   Next: 6%
Magic:  11/11      EV: 19    Int: 16 (17) God:    Yredelemnul [......]
Gold:   182        SH:  0    Dex: 17 (18) Spells: 7/10 levels left

rFire    . . .     SeeInvis +   a - +1 dagger
rCold    . . .     Faith    .   (shield restricted)
rNeg     . . .     Spirit   .   d - +1 robe
rPois    .         Reflect  .   (helmet restricted)
rElec    .         Harm     .   (no cloak)
rCorr    .         Rampage  .   (gloves unavailable)
Will     +....                  (boots unavailable)
Stlth    ++++......             (no amulet)
HPRegen  0.09/turn              (no ring)
MPRegen  0.12/turn              (no ring)

@: very quick
A: very small, unfitting armour, see invisible, speed 3
a: Renounce Religion


You were on level 4 of the Dungeon.
You worshipped Yredelemnul.
Yredelemnul was noncommittal.
You visited 1 branch of the dungeon, and saw 5 of its levels.

You collected 182 gold pieces.

Inventory:

Hand Weapons
 a - a +1 dagger (weapon)
 g - a +0 dagger of speed
Missiles
 c - 119 stones
Armour
 d - a +1 robe (worn)
Scrolls
 b - a scroll of fog
 i - 5 scrolls of remove curse
Potions
 e - a potion of degeneration
 f - 4 potions of curing
 h - 2 potions of brilliance
 k - a potion of flight


   Skills:
 + Level 3.1 Short Blades
 - Level 3.6 Dodging
 * Level 7.8 Stealth
 - Level 2.6 Spellcasting
 - Level 4.6 Hexes
 - Level 1.4 Ice Magic


You had 7 spell levels left.
You knew the following spells:

 Your Spells              Type           Power        Failure   Level
a - Corona                Hex            17%          3%          1
b - Ensorcelled Hibernat  Hex/Ice        22%          9%          2

Your spell library contained the following spells:

 Spells                   Type           Power        Failure   Level
 Confusing Touch          Hex            16%          9%          3
 Tukima's Dance           Hex            16%          9%          3
 Dazzling Flash           Conj/Hex       18%          22%         3


Dungeon Overview and Level Annotations

Branches:
Dungeon (5/15)
 Temple: D:4-7

Altars:
Elyvilon
Gozag
Yredelemnul

Shops:
D:4 *

Annotations:
D:3 1 runed translucent door, bmj180's ghost, amateur KoHu


Innate Abilities, Weirdness & Mutations

You are very small and have problems with some larger weapons.
You are too small for most types of armour.
You have supernaturally acute eyesight. (SInv)
You cover ground extremely quickly.


Message History

The ufetubus completely misses you. The ufetubus misses you.
You hit the ufetubus but do no damage.
The ufetubus is almost dead.
The ufetubus barely misses you. The ufetubus misses you.
You hit the ufetubus but do no damage.
The ufetubus is almost dead.
The ufetubus closely misses you. The ufetubus hits you.
* * * LOW HITPOINT WARNING * * *
The ufetubus closely misses you. The ufetubus misses you.
You barely miss the ufetubus.
The ufetubus is almost dead.
The ufetubus hits you.
* * * LOW HITPOINT WARNING * * *
The ufetubus hits you.
* * * LOW HITPOINT WARNING * * *
You hit the ufetubus but do no damage.
The ufetubus is almost dead.
The ufetubus hits you.
You die...
Your body rises from the dead as a mindless zombie.

#.# #..##.........### # ##.#
##.##.######....# #
##.##########.##.# #....# #
##.#...........#.# #....# #
##.#.########..#.# #....# #
##.#.# #....# #....# # ##o#.#
#.#..# #....# # ##.#.#
######.#.5# #....# # '.[#.#
#......##@# #....# # ####.#
#.######### ##'### # # #.# #.#
#.# # ####.#
#.###############.######## .....#
#.........................
########################.########
.........................#
##########################
#.......# #.....#


You could see an ufetubus.

Vanquished Creatures
  An ice beast (D:3)
  An orc wizard (D:4)
  A worker ant (D:5)
  5 adders
  An ooze (D:1)
  3 dart slugs
  4 worms
  3 leopard geckos (D:1)
  3 orcs (D:4)
  6 bats
  8 giant cockroaches
  6 goblins
  8 hobgoblins
  3 ball pythons
  7 frilled lizards
  7 kobolds
  8 rats
75 creatures vanquished.

Notes
Turn   | Place    | Note
-------+----------+-------------------------------------------
     0 | D:1      | wakim the Spriggan Enchanter began the quest for the Orb.
     0 | D:1      | Reached XP level 1. HP: 9/9 MP: 5/5
   157 | D:1      | Reached skill level 5 in Stealth
   157 | D:1      | Reached XP level 2. HP: 7/13 MP: 6/6
   160 | D:1      | Learned a level 2 spell: Ensorcelled Hibernation
  1547 | D:1      | Reached XP level 3. HP: 16/16 MP: 8/8
  2344 | D:2      | Found a faded altar of an unknown god.
  2634 | D:2      | Reached skill level 1 in Ice Magic
  2640 | D:2      | Reached skill level 6 in Stealth
  2683 | D:2      | Reached XP level 4. HP: 21/21 MP: 9/9
  3218 | D:3      | Noticed an ice beast
  3225 | D:3      | Killed an ice beast
  3226 | D:3      | Reached XP level 5. HP: 24/24 MP: 10/10
  3306 | D:3      | Reached skill level 7 in Stealth
  3473 | D:3      | Found a runed translucent door.
  3473 | D:3      | Noticed an ogre
  3474 | D:3      | Noticed bmj180's ghost (amateur KoHu)
  4081 | D:4      | Found Tisuwnod's General Store.
  4213 | D:4      | Found a white marble altar of Elyvilon.
  4502 | D:4      | Found a basalt altar of Yredelemnul.
  4510 | D:4      | Became a worshipper of Yredelemnul the Dark
  5439 | D:5      | Entered Level 5 of the Dungeon
  5446 | D:5      | Found an opulent altar of Gozag.
  5712 | D:5      | Reached XP level 6. HP: 25/28 MP: 8/11
  5770 | D:5      | HP: 1/28 [shadow imp/nerve-wracking pain (13)]
  6135 | D:4      | Slain by an ufetubus

Illustrated notes

Levels and vault maps discovered:
D:1:      eino_arrival_water_star, layout_loops_ring
D:2:      layout_loops_ring, chequers_ecumenical_altar_simple
D:3:      layout_basic, ebering_ghost_inner_flame
D:4:      layout_basic, kennysheep_ying_yang, serial_shops, nicolae_shop_stone
D:5:      wad_crossroads, layout_basic, grunt_temple_overflow_open,
          minmay_temple_entry_antechambers

Skill      XL: |  1  2  3  4  5 |
---------------+----------------+-----
Stealth        | 5 6 7 |  7.8
Hexes          | 4 |  4.6
Short Blades   | 2 3 |  3.1
Ice Magic      | 1 |  1.4
Dodging        | |  3.6
Spellcasting   | |  2.6

Action                   |  1- 3 |  4- 6 || total
-------------------------+-------+-------++-------
Melee: Dagger            |   138 |    91 ||   229
Throw: Stone             |    52 |       ||    52
 Cast: Corona            |     3 |       ||     3
       Ensorcelled Hiber |    18 |    26 ||    44
  Use: Scroll            |       |     6 ||     6
       Potion            |       |     5 ||     5
 Stab: Sleeping          |    27 |    22 ||    49
       Distracted        |     1 |       ||     1
Armor: Robe              |     6 |     3 ||     9
Dodge: Dodged            |    91 |    82 ||   173

Table legend: (Time is in decaauts)
 A = Elapsed time spent in this place.
 B = Non-inter-level travel time spent in this place.
 C = Inter-level travel time spent in this place.
 D = Time resting spent in this place.
 E = Time spent auto-exploring this place.
 F = Levels seen in this place.
 G = Mean time per level.
                   A        B        C        D        E       F      G
               +--------+--------+--------+--------+--------+-----+--------+
         Total |   4706 |   4445 |    261 |    845 |   2517 |   5 |  941.2 |
       Dungeon |   4706 |   4445 |    261 |    845 |   2517 |   5 |  941.2 |
               +--------+--------+--------+--------+--------+-----+--------+

Top non-repeatable levels by time:
     D:1: 1610 daAuts
     D:4: 1555 daAuts
     D:2: 869 daAuts
     D:3: 462 daAuts
     D:5: 208 daAuts
